 Dungeon Crawl Stone Soup version 0.30.0-17-ge0270778cf (webtiles) character file.

Game seed: 4996537212100252354

65 DemonSlayer the Digger (level 3, -2/24 HPs)
             Began as a Demonspawn Earth Elementalist on May 21, 2023.
             Slain by a goblin
             ... wielding a +0 dagger
             ... led by Robin
              (6 damage)
             ... on level 2 of the Dungeon.
             The game lasted 00:03:18 (1525 turns).

DemonSlayer the Digger (DsEE)                       Turns: 1525, Time: 00:03:19

Health: -2/24      AC:  2    Str:  8    XL:     3   Next: 94%
Magic:  0/6        EV: 12    Int: 16    God:
Gold:   25         SH:  0    Dex: 15    Spells: 1/7 levels left

rFire   . . .        e - +0 dagger (flame)
rCold   . . .        (no shield)
rNeg    . . .        a - +0 robe
rPois   .            (helmet restricted)
rElec   .            (no cloak)
rCorr   .            (no gloves)
SInv    .            (no boots)
Will    .....        (no amulet)
Stlth   ++           (no ring)
HPRegen 0.24/turn    (no ring)
MPRegen 0.10/turn

%: no passive effects
@: no status effects
A: antennae 2
a: no special abilities


You were on level 2 of the Dungeon.
You visited 1 branch of the dungeon, and saw 2 of its levels.

You collected 25 gold pieces.

Inventory:

Hand Weapons
 e - a +0 dagger of flaming (weapon)
Missiles
 d - a boomerang
Armour
 a - a +0 robe (worn)
Scrolls
 f - a scroll of enchant weapon {unknown}
 h - a scroll of amnesia {unknown}
 i - a scroll of torment {unknown}
Potions
 b - a potion of degeneration {unknown}
 c - a potion of invisibility {unknown}
 g - a potion of attraction {unknown}


   Skills:
 + Level 0.7 Throwing
 + Level 2.1 Dodging
 + Level 1.8 Stealth
 + Level 2.6 Spellcasting
 + Level 0.8 Transmutations
 + Level 3.6 Earth Magic


You had one spell level left.
You knew the following spells:

 Your Spells              Type           Power      Damage    Failure   Level
a - Sandblast             Erth           26%        2d8       4%          1
b - Passwall              Tmut/Erth      7%         N/A       12%         2
c - Stone Arrow           Conj/Erth      14%        3d7       28%         3

Your spell library contained the following spells:

 Spells                   Type           Power      Damage    Failure   Level
 Magic Dart               Conj           8%         1d3       21%         1
 Searing Ray              Conj           4%         2d4       30%         2
 Petrify                  Tmut/Erth      9%         N/A       61%         4
 Fulminant Prism          Conj/Hex       1%         3d5       89%         4


Dungeon Overview and Level Annotations

Branches:
Dungeon (2/15)

Altars:


Innate Abilities, Weirdness & Mutations

You have a pair of antennae on your head.


Message History

The goblin hits you with a +0 dagger.
The blast of sand hits the goblin.
The goblin is heavily wounded.
The goblin misses you.
A hobgoblin comes into view.
Robin barely misses you. The goblin hits you but does no damage.
The blast of sand hits the goblin!
You kill the goblin!
Robin says, "Duck!"
Robin hits you with a +0 dagger.
A goblin comes into view. It is wielding a +0 dagger.
The blast of sand hits Robin.
Robin is heavily wounded.
Robin throws the goblin at you! The goblin hits you with a +0 dagger.
Robin hits you with a +0 dagger. The goblin hits you with a +0 dagger.
You are out of magic!
You are out of magic!
You are out of magic!
You hit Robin. You burn Robin.
Robin is severely wounded.
A hobgoblin comes into view.
The goblin barely misses you. Robin hits you but does no damage.
The blast of sand hits Robin!
You kill Robin!
The hobgoblin shouts!
The goblin closely misses you.
You are out of magic!
You hit the hobgoblin. You burn the hobgoblin.
You kill the hobgoblin!
The goblin completely misses you.
You hit the goblin. You burn the goblin.
The goblin is severely wounded.
The goblin closely misses you. The goblin hits you with a +0 club.
A giant cockroach comes into view.
You are too injured to fight recklessly!
You closely miss the goblin. The goblin hits you with a +0 club.
The goblin hits you with a +0 dagger.
* * * LOW HITPOINT WARNING * * *
You closely miss the goblin. The goblin hits you with a +0 dagger.
You die... โ‰ˆยงโ‰ˆ .โ‰ˆ. .B. #g# #... ggg

.... #g# #..#### #g# # #
#.....# #@# ..
#######..##.# #g##.##.#
.........##.####...P...#
#.#####..##.....)....P.#
#.# #.....)........P.#
#.######.######.#...$.##
#........# #.....PP#
########## ##....###
#####


You could see a giant cockroach (wandering), 4 hobgoblins and 3 goblins.

Vanquished Creatures
  Robin (D:2)
  2 worms (D:2)
  3 endoplasms (D:1)
  3 giant cockroaches
  8 goblins
  6 hobgoblins
  4 jackals (D:1)
  4 quokkas
  A ball python (D:1)
  2 bats (D:1)
  A frilled lizard (D:1)
  5 kobolds
  3 rats (D:1)
43 creatures vanquished.

Notes
Turn   | Place    | Note
-------+----------+-------------------------------------------
     0 | D:1      | DemonSlayer the Demonspawn Earth Elementalist began the
                  | quest for the Orb.
     0 | D:1      | Reached XP level 1. HP: 13/13 MP: 3/3
   272 | D:1      | Reached skill level 3 in Earth Magic
   304 | D:1      | Gained mutation: You have a pair of small antennae on your
                  | head. [demonic ancestry]
   304 | D:1      | Reached XP level 2. HP: 19/19 MP: 3/5
   817 | D:1      | Gained mutation: You have a pair of antennae on your head.
                  | [demonic ancestry]
   817 | D:1      | Reached XP level 3. HP: 24/24 MP: 6/6
  1140 | D:1      | Learned a level 2 spell: Passwall
  1144 | D:1      | Learned a level 3 spell: Stone Arrow
  1511 | D:2      | Noticed Robin
  1521 | D:2      | Killed Robin
  1525 | D:2      | Slain by a goblin

Illustrated notes

Levels and vault maps discovered:
D:1:      nzn_arrival_settlement, layout_basic
D:2:      minmay_chambers_of_ones, layout_loops_ring, amcnicky_mini_pool_small,
          minmay_gold_behind_fungi, minmay_misc_feat_alley, uniq_robin

Skill      XL: |  1 |
---------------+----+-----
Dodging        | 2 |  2.1
Earth Magic    | 3 |  3.6
Throwing       | |  0.7
Stealth        | |  1.8
Spellcasting   | |  2.6
Transmutations | |  0.8

Action                     || total
---------------------------++-------
  Melee: Dagger            ||    11
  Throw: Boomerang         ||    39
   Cast: Sandblast         ||    52
    Use: Potion            ||     1
 Armour: Robe              ||    10
  Dodge: Dodged            ||    38
